 Dungeon Crawl Stone Soup version 0.28.0-1-gb440e238dd (webtiles) character file.

Game seed: 6319342283898885836

121 Ablot the Grasshopper (level 5, -3/43 HPs)
             Began as a Gnoll Warper on Feb 26, 2022.
             Slain by an orc (5 damage)
             ... on level 3 of the Dungeon.
             The game lasted 00:03:16 (4019 turns).

Ablot the Grasshopper (Gnoll Warper)                Turns: 4019, Time: 00:03:16

Health: -3/43      AC:  3    Str: 13    XL:     5   Next: 5%
Magic:  12/12      EV: 12    Int: 12    God:
Gold:   134        SH:  0    Dex: 11    Spells: 12/14 levels left

rFire   + . .      SeeInvis .   a - +0 spear
rCold   . . .      Faith    .   (no shield)
rNeg    . . .      Spirit   .   b - +0 leather armour
rPois   .          Reflect  .   (no helmet)
rElec   .          Harm     .   (no cloak)
rCorr   .          Rampage  .   (no gloves)
Will    .....                   (no boots)
Stlth   +.........              (no amulet)
HPRegen 0.14/turn               i - ring of protection from fire
MPRegen 0.13/turn               (no ring)

@: confused
A: fangs 1, strong nose, distributed training
a: no special abilities


You were on level 3 of the Dungeon.
You visited 1 branch of the dungeon, and saw 4 of its levels.

You collected 134 gold pieces.

Inventory:

Hand Weapons
 a - a +0 spear (weapon)
Missiles
 d - 5 boomerangs of dispersal (quivered)
 g - 145 stones
 h - 15 bolts
 p - 11 arrows
Armour
 b - a +0 leather armour (worn)
 n - a +0 buckler
Jewellery
 i - a ring of protection from fire (left hand)
Scrolls
 c - a scroll of blinking
 f - 3 scrolls of teleportation {unknown}
 l - a scroll of enchant armour {unknown}
 m - 3 scrolls of identify {unknown}
 o - a scroll of immolation {unknown}
Potions
 e - 2 potions of heal wounds {unknown}
 j - a potion of invisibility {unknown}
 k - a potion of attraction {unknown}
 q - a potion of curing {unknown}


   Skills:
 + Level 4.7 Fighting
 + Level 1.3 Short Blades
 + Level 1.3 Long Blades
 + Level 1.3 Axes
 + Level 1.3 Maces & Flails
 + Level 4.7 Polearms
 + Level 1.3 Staves
 + Level 1.3 Slings
 + Level 1.3 Bows
 + Level 1.3 Crossbows
 + Level 2.8 Throwing
 + Level 2.8 Armour
 + Level 4.7 Dodging
 + Level 1.3 Stealth
 + Level 1.3 Shields
 + Level 1.3 Unarmed Combat
 + Level 5.1 Spellcasting
 + Level 1.0 Conjurations
 + Level 1.0 Hexes
 + Level 1.0 Summonings
 + Level 1.0 Necromancy
 + Level 5.5 Translocations
 + Level 1.0 Transmutations
 + Level 1.0 Fire Magic
 + Level 1.0 Ice Magic
 + Level 1.0 Air Magic
 + Level 1.0 Earth Magic
 + Level 1.0 Poison Magic
 + Level 1.4 Invocations
 + Level 1.3 Evocations


You had 12 spell levels left.
You knew the following spells:

 Your Spells              Type           Power      Damage    Failure   Level
a - Blink                 Tloc           32%        N/A       4%          2

Your spell library contained the following spells:

 Spells                   Type           Power      Damage    Failure   Level
 Gell's Gravitas          Tloc           16%        N/A       8%          3
 Lesser Beckoning         Tloc           16%        N/A       8%          3
 Teleport Other           Tloc           16%        N/A       8%          3
 Sandblast                Erth           10%        2d5       16%         1
 Passwall                 Tmut/Erth      4%         N/A       24%         2
 Stone Arrow              Conj/Erth      10%        3d7       43%         3
 Manifold Assault         Tloc           16%        N/A       58%         5


Dungeon Overview and Level Annotations

Branches:
Dungeon (4/15)
 Temple: D:4-7

Altars:
Ashenzari
Yredelemnul
The Shining One


Innate Abilities, Weirdness & Mutations

You have very sharp teeth.
Your uncanny sense of smell can sniff out nearby items.
Your experience applies equally to all skills.


Message History

The orc wizard mumbles some strange words.
The orc wizard flickers and vanishes!
Deactivating autopickup; reactivate with Ctrl-A.
The orc hits you but does no damage.
You closely miss something. You completely miss something.
You hear some strange, mumbled words.
A magic dart appears from out of thin air!
The magic dart hits you!
* * * LOW HITPOINT WARNING * * *
The orc barely misses you.
You closely miss something.
You hear some strange, mumbled words.
You are more confused.
The orc hits you with a +0 hand axe.
* * * LOW HITPOINT WARNING * * *
You bump into the rock wall.
Something barely misses you. The orc completely misses you.
You bump into the rock wall.
Something hits you but does no damage. The orc closely misses you.
You hit the orc.
The orc is moderately wounded.
Something hits you but does no damage. The orc closely misses you.
You closely miss the orc.
The orc is moderately wounded.
Something hits you but does no damage. The orc barely misses you.
You bump into the rock wall.
Something barely misses you. The orc hits you with a +0 hand axe.
* * * LOW HITPOINT WARNING * * *
You barely miss the orc.
The orc is lightly wounded.
Something hits you.
* * * LOW HITPOINT WARNING * * *
The orc hits you but does no damage.
You miss the orc.
The orc is lightly wounded.
Something hits you.
* * * LOW HITPOINT WARNING * * *
The orc hits you with a +0 hand axe.
You die...

.# ##+## ##.## #.#
.# #.# ####...#
#.# .# #.#
#....#.# #.# .#
##.##### #.##...#
#.# .# ##......#
#.###### #.##
.####.....#.# #.#
#... .##.......#.#
#.# ####
###.##....#.####o#
....##.........{@#
######..###.######
#..# #.# #..###.#
#......# #######
#######.#####
#...... ........#
#.##### ######..#
###########
#.###.# #### #..#
#.........#
#.##...


You could see an orc.

Vanquished Creatures
  An orc wizard (D:3)
  2 adders
  3 worms (D:2)
  3 dart slugs
  3 orcs (D:3)
  7 bats
  5 endoplasms
  3 giant cockroaches (D:1)
  5 hobgoblins
  6 kobolds
  3 quokkas
  2 ball pythons (D:1)
  2 frilled lizards
  7 goblins
  3 rats
55 creatures vanquished.

Vanquished Creatures (others)
  9 fungi (D:4)
9 creatures vanquished.

Grand Total: 64 creatures vanquished

Notes
Turn   | Place    | Note
-------+----------+-------------------------------------------
     0 | D:1      | Ablot the Gnoll Warper began the quest for the Orb.
     0 | D:1      | Reached XP level 1. HP: 20/20 MP: 6/6
   265 | D:1      | Reached XP level 2. HP: 26/26 MP: 7/7
   268 | D:1      | Learned a level 2 spell: Blink
   650 | D:1      | Found a faded altar of an unknown god.
   911 | D:2      | Reached XP level 3. HP: 30/31 MP: 9/9
   940 | D:2      | Reached skill level 5 in Spellcasting
  1280 | D:2      | Reached skill level 1 in Invocations
  1650 | D:2      | Found a basalt altar of Yredelemnul.
  1690 | D:2      | Reached skill level 1 in Short Blades
  1690 | D:2      | Reached skill level 1 in Long Blades
  1690 | D:2      | Reached skill level 1 in Axes
  1690 | D:2      | Reached skill level 1 in Maces & Flails
  1690 | D:2      | Reached skill level 1 in Staves
  1690 | D:2      | Reached skill level 1 in Slings
  1690 | D:2      | Reached skill level 1 in Bows
  1690 | D:2      | Reached skill level 1 in Crossbows
  1690 | D:2      | Reached skill level 1 in Stealth
  1690 | D:2      | Reached skill level 1 in Shields
  1690 | D:2      | Reached skill level 1 in Unarmed Combat
  1690 | D:2      | Reached skill level 1 in Evocations
  2633 | D:3      | Reached XP level 4. HP: 35/38 MP: 11/11
  2699 | D:3      | Reached skill level 1 in Conjurations
  2699 | D:3      | Reached skill level 1 in Hexes
  2699 | D:3      | Reached skill level 1 in Summonings
  2699 | D:3      | Reached skill level 1 in Necromancy
  2699 | D:3      | Reached skill level 1 in Transmutations
  2699 | D:3      | Reached skill level 1 in Fire Magic
  2699 | D:3      | Reached skill level 1 in Ice Magic
  2699 | D:3      | Reached skill level 1 in Air Magic
  2699 | D:3      | Reached skill level 1 in Earth Magic
  2699 | D:3      | Reached skill level 1 in Poison Magic
  3730 | D:4      | Found a glowing golden altar of the Shining One.
  3730 | D:4      | Found a broken altar of Ashenzari.
  3750 | D:4      | Reached XP level 5. HP: 19/43 MP: 12/12
  3988 | D:4      | Noticed a sky beast
  4018 | D:3      | HP: 2/43 [something (2)]
  4019 | D:3      | Slain by an orc

Illustrated notes

Levels and vault maps discovered:
D:1:      dpeg_arrival_snail, layout_basic, dreamdust_ecumenical_altar_statues
D:2:      layout_loops_corners, basic_altar, roderic_serpentine_path
D:3:      layout_loops_corners
D:4:      layout_loops_ring, mainiacjoe_overflow_catwalk_spiral,
          serial_aquarium, aquarium_bridge_square [aquarium_subvault_wall,
          aquarium_subvault_bridge, aquarium_subvault_bridge,
          aquarium_subvault_window], aquarium_window_1, aquarium_window_2,
          aquarium_window_2, aquarium_window_fake, aquarium_view_2b,
          aquarium_view_2g, aquarium_balcony_3a, nicolae_figureground_pulse

Skill      XL: |  1  2  3  4 |
---------------+-------------+-----
Spellcasting   | 5 |  5.1
Invocations    | 1 |  1.4
Short Blades   | 1 |  1.3
Long Blades    | 1 |  1.3
Axes           | 1 |  1.3
Maces & Flails | 1 |  1.3
Staves         | 1 |  1.3
Slings         | 1 |  1.3
Bows           | 1 |  1.3
Crossbows      | 1 |  1.3
Stealth        | 1 |  1.3
Shields        | 1 |  1.3
Unarmed Combat | 1 |  1.3
Evocations     | 1 |  1.3
Conjurations   | 1 |  1.0
Hexes          | 1 |  1.0
Summonings     | 1 |  1.0
Necromancy     | 1 |  1.0
Transmutations | 1 |  1.0
Fire Magic     | 1 |  1.0
Ice Magic      | 1 |  1.0
Air Magic      | 1 |  1.0
Earth Magic    | 1 |  1.0
Poison Magic   | 1 |  1.0
Fighting       | |  4.7
Polearms       | |  4.7
Throwing       | |  2.8
Armour         | |  2.8
Dodging        | |  4.7
Translocations | |  5.5

Action                   |  1- 3 |  4- 6 || total
-------------------------+-------+-------++-------
Melee: Spear             |   178 |    80 ||   258
       Punch             |     1 |       ||     1
       Bite              |    17 |     6 ||    23
 Stab: Sleeping          |     6 |     2 ||     8
Armor: Leather armour    |    22 |    13 ||    35
Dodge: Dodged            |    52 |    35 ||    87
